Map: Jagannatha LE

Players

MAKER

  • Race: Terran Terran
  • League: Platinum

ViBE - Winner!

  • Race: Protoss Protoss
  • League: Platinum

VOD

Have the link to the VOD?

Description

Time

  • Played on: April 6, 2021, 8:24 p.m.
  • Length: 14:59
Show
View Real Time Build Order
Export as new Build Order

MAKER Terran 

Build Orders:  

Get SALT Encoding   

  12  0:00  SCV  
  13  0:13  SCV  
  14  0:18  Supply Depot  
  14  0:25  SCV  
  15  0:40  SCV  
  15  0:41  Barracks  
  16  0:52  Barracks  
  16  0:57  SCV  
  17  1:07  Supply Depot  
  17  1:16  SCV  
  18  1:28  Marine, SCV  
  20  1:45  Marine x2  
  22  1:55  Command Center  
  22  2:00  SCV  
  23  2:03  Marine  
  24  2:10  Barracks  
  24  2:13  Marine  
  25  2:20  Marine, SCV  
  27  2:29  Barracks  
  27  2:32  Marine  
  28  2:38  Marine, SCV  
  30  2:49  Supply Depot  
  30  2:50  Marine  
  31  3:07  Marine x2, SCV  
  31  3:08  Marine, SCV  
  36  3:19  Marine  
  37  3:20  SCV  
  37  3:25  Marine  
  37  3:26  Marine  
  40  3:30  Marine  
  40  3:32  SCV  
  40  3:34  SCV  
  42  3:44  SCV  
  39  3:56  SCV  
  39  4:04  Marine x3  
  39  4:08  Marine  
  43  4:10  SCV  
  43  4:15  Supply Depot  
  43  4:16  Command Center  
  44  4:18  SCV  
  44  4:22  Marine x3  
  44  4:23  SCV  
  49  4:26  Marine  
  49  4:30  SCV  
  51  4:32  Refinery  
  51  4:35  SCV  
  52  4:39  Marine  
  52  4:40  Marine x2, Supply Depot  
  52  4:43  Refinery  
  52  4:44  Marine  
  56  4:47  SCV  
  56  4:50  SCV  
  58  4:57  Marine x2  
  58  4:58  Marine  
  61  5:00  SCV  
  61  5:02  SCV  
  63  5:12  Marine, SCV, Engineering Bay  
  65  5:14  SCV  
  65  5:15  Marine x3  
  65  5:18  Refinery  
  69  5:24  SCV  
  69  5:27  SCV  
  71  5:29  Refinery  
  71  5:30  Marine  
  71  5:33  Marine x3  
  74  5:39  SCV  
  74  5:41  Planetary Fortress  
  75  5:43  Missile Turret  
  75  5:54  Missile Turret  
  75  5:57  Factory  
  75  6:12  Missile Turret  
  75  6:19  SCV  
  75  6:20  Refinery  
  76  6:29  Refinery  
  76  6:32  SCV  
  77  6:33  SCV  
  77  6:35  Missile Turret  
  77  6:36  Hi-Sec Auto Tracking  
  78  6:40  Supply Depot  
  78  6:43  Factory Tech Lab  
  78  6:44  SCV  
  78  6:45  SCV  
  80  6:48  Starport  
  80  6:53  Missile Turret  
  80  6:55  SCV  
  80  6:56  SCV  
  80  6:57  SCV  
  80  6:59  Missile Turret  
  83  7:02  Missile Turret  
  83  7:06  Siege Tank  
  83  7:07  SCV  
  83  7:08  SCV  
  88  7:09  SCV  
  88  7:13  Starport  
  89  7:19  SCV  
  89  7:20  SCV  
  89  7:21  SCV, Missile Turret  
  92  7:24  Barracks  
  92  7:29  Starport Tech Lab  
  92  7:31  SCV, Starport  
  92  7:36  Missile Turret  
  93  7:38  Supply Depot  
  93  7:39  Supply Depot  
  93  7:51  Neosteel Armor  
  93  7:53  Missile Turret, Starport Tech Lab  
  93  7:58  Cloaking Field  
  93  7:59  Starport  
  93  8:00  SCV x3  
  96  8:07  Supply Depot, Missile Turret  
  96  8:08  Missile Turret  
  96  8:13  Missile Turret  
  96  8:14  Missile Turret  
  96  8:16  SCV  
  97  8:20  SCV  
  97  8:22  Starport Tech Lab  
  97  8:26  Hyperflight Rotors  
  98  8:28  SCV  
  98  8:31  Banshee  
  98  8:32  SCV  
  103  8:36  Starport  
  103  8:39  Starport Tech Lab  
  103  8:42  Banshee  
  103  8:46  Banshee  
  109  8:48  SCV  
  109  8:54  Barracks  
  110  8:57  Siege Tank  
  110  9:00  SCV  
  114  9:02  Supply Depot  
  114  9:04  Supply Depot  
  114  9:05  Orbital Command  
  114  9:12  SCV  
  114  9:13  Missile Turret  
  115  9:19  Starport Tech Lab  
  115  9:24  Banshee  
  115  9:26  Banshee  
  115  9:29  Banshee  
  124  9:33  Siege Tank, Missile Turret  
  124  9:34  SCV  
  128  9:40  Missile Turret  
  128  9:45  Banshee  
  128  9:47  SCV  
  128  9:51  Barracks  
  132  9:52  Supply Depot  
  132  9:58  Banshee  
  132  9:59  SCV  
  136  10:00  Supply Depot  
  136  10:07  Banshee, Missile Turret  
  136  10:14  Banshee x2  
  139  10:17  Supply Depot  
  139  10:20  Supply Depot  
  138  10:27  Supply Depot  
  138  10:28  SCV  
  121  10:31  Siege Tank  
  124  10:36  Banshee  
  124  10:39  Supply Depot  
  124  10:41  Banshee  
  130  10:46  Supply Depot x2  
  130  10:49  Banshee  
  130  10:56  Barracks  
  133  10:58  Barracks  
  133  11:01  SCV  
  134  11:06  Supply Depot  
  134  11:13  SCV  
  134  11:15  Siege Tank  
  91  11:53  Banshee x3  
  85  12:17  Command Center  
  67  13:04  Banshee x3  
  55  13:25  Banshee x2  
  49  13:54  SCV  
  50  14:02  Banshee  
  53  14:06  SCV  
  26  14:18  SCV  
  27  14:30  SCV  
Show
View Real Time Build Order
Export as new Build Order

ViBE Protoss - Winner!

Build Orders: 1 Gate Expand, Archon Immortal 

Get SALT Encoding   

  12  0:00  Probe  
  13  0:12  Probe  
  14  0:17  Pylon  
  14  0:24  Probe  
  15  0:36  Gateway  
  15  0:37  Probe (Chrono Boost)  
  16  0:43  Assimilator  
  16  0:49  Probe (Chrono Boost)  
  17  0:54  Probe (Chrono Boost)  
  18  1:04  Probe  
  19  1:16  Probe  
  20  1:24  Nexus  
  20  1:28  Probe  
  21  1:38  Cybernetics Core  
  21  1:40  Probe  
  21  1:46  Assimilator  
  22  1:52  Pylon  
  22  1:55  Probe  
  23  2:07  Probe  
  23  2:11  Stalker (Chrono Boost)  
  26  2:15  Probe  
  26  2:16  Warp Gate  
  27  2:24  Pylon, Probe  
  28  2:35  Pylon  
  28  2:36  Probe  
  29  2:38  Probe  
  29  2:40  Sentry  
  32  2:48  Probe  
  32  2:51  Probe  
  34  2:57  Shield Battery  
  34  3:00  Probe  
  34  3:03  Probe  
  36  3:12  Probe (Chrono Boost)  
  37  3:19  Probe (Chrono Boost)  
  38  3:20  Pylon  
  38  3:21  Stalker  
  38  3:24  Probe (Chrono Boost)  
  41  3:29  Probe (Chrono Boost)  
  41  3:32  Gateway, Robotics Facility  
  39  3:50  Probe (Chrono Boost)  
  39  3:54  Probe (Chrono Boost)  
  41  4:01  Probe (Chrono Boost)  
  42  4:05  Probe (Chrono Boost)  
  42  4:06  Probe (Chrono Boost)  
  42  4:07  Stalker  
  45  4:14  Probe  
  46  4:19  Nexus  
  46  4:20  Pylon  
  46  4:22  Pylon  
  46  4:30  Stalker x2  
  50  4:33  Immortal  
  50  4:35  Probe x2  
  56  4:40  Assimilator  
  56  4:41  Assimilator  
  56  4:49  Probe x2  
  58  4:53  Pylon  
  58  4:58  Pylon  
  58  5:07  Stalker  
  58  5:09  Stalker  
  62  5:15  Pylon  
  62  5:17  Probe  
  62  5:18  Probe  
  64  5:22  Immortal  
  68  5:29  Probe  
  68  5:30  Probe  
  68  5:33  Stalker  
  68  5:34  Stalker  
  74  5:41  Gateway  
  74  5:43  Gateway, Probe  
  74  5:44  Probe  
  74  5:45  Gateway  
  74  5:46  Probe  
  77  5:52  Shield Battery  
  77  5:57  Probe x2  
  77  5:58  Probe  
  77  6:01  Observer, Stalker  
  77  6:02  Sentry  
  85  6:09  Probe x2  
  85  6:10  Probe  
  88  6:20  Pylon  
  88  6:21  Probe x2  
  88  6:23  Pylon, Probe  
  91  6:28  Immortal  
  95  6:33  Probe x2  
  95  6:35  Probe  
  98  6:40  Twilight Council, Forge  
  98  6:43  Stalker x2  
  98  6:44  Forge  
  98  6:45  Stalker  
  104  6:48  Stalker  
  104  6:49  Probe  
  104  6:50  Probe  
  104  6:51  Probe  
  109  6:58  Stalker  
  111  7:03  Nexus  
  111  7:04  Protoss Ground Weapons Level 1 (Chrono Boost), Protoss Ground Armor Level 1 (Chrono Boost)  
  111  7:06  Charge (Chrono Boost)  
  111  7:07  Pylon  
  111  7:11  Pylon  
  115  7:15  Immortal  
  115  7:21  Probe  
  115  7:22  Probe x2  
  118  7:27  Templar Archives  
  118  7:30  Zealot  
  118  7:31  Zealot  
  118  7:35  Assimilator  
  118  7:36  Zealot  
  124  7:37  Assimilator  
  124  7:38  Zealot, Probe  
  124  7:40  Probe x2  
  129  7:48  Zealot  
  131  7:51  Probe  
  131  7:52  Probe  
  131  7:53  Probe  
  134  8:03  Zealot, Probe  
  134  8:04  Zealot x3, Probe  
  134  8:05  Probe  
  145  8:12  Immortal  
  149  8:13  Zealot  
  149  8:16  Probe x2  
  149  8:17  Probe  
  154  8:28  High Templar x2  
  154  8:29  High Templar x2  
  154  8:33  Assimilator  
  162  8:34  Assimilator  
  162  8:35  Pylon  
  162  8:37  Probe x3  
  162  8:38  Probe  
  166  8:44  Nexus  
  166  8:46  Pylon  
  166  8:47  Pylon  
  166  8:50  Pylon x2  
  166  8:51  Immortal  
  166  8:53  Gateway x2  
  170  8:56  Gateway  
  170  8:57  Protoss Ground Weapons Level 2 (Chrono Boost), Protoss Ground Armor Level 2 (Chrono Boost)  
  170  8:58  Gateway  
  170  9:08  High Templar x4  
  170  9:09  Zealot  
  180  9:11  Archon x2  
  180  9:12  Archon x2  
  180  9:33  Immortal  
  184  9:39  Gateway  
  184  9:40  Gateway  
  184  9:43  Gateway  
  184  9:44  Zealot x5  
  194  9:47  Gateway  
  194  9:51  Zealot x3  
  200  9:57  Robotics Facility  
  199  10:32  Gateway  
  199  10:33  Gateway  
  199  10:35  Gateway  
  199  10:37  Gateway  
  199  10:39  Gateway  
  199  10:41  Gateway  
  199  10:43  Gateway  
  199  10:46  Pylon  
  199  10:48  Pylon  
  199  11:12  Immortal  
  199  11:16  Observer  
  199  11:18  Protoss Ground Weapons Level 3 (Chrono Boost), Protoss Ground Armor Level 3 (Chrono Boost)  
  180  11:30  Zealot x8  
  180  11:31  Zealot x6, Immortal  
  200  11:37  Zealot x4  
  200  11:38  Zealot x2  
  194  11:46  Immortal  
  178  11:49  Photon Cannon  
  178  11:52  Photon Cannon  
  178  11:53  Shield Battery  
  150  11:56  Photon Cannon  
  150  11:58  Photon Cannon  
  150  11:59  Shield Battery  
  150  12:00  Photon Cannon  
  138  12:03  Photon Cannon  
  138  12:04  High Templar x13  
  138  12:05  Shield Battery, High Templar x7  
  138  12:08  Photon Cannon  
  178  12:10  Photon Cannon  
  178  12:11  Shield Battery  
  178  12:14  Photon Cannon  
  178  12:16  Archon x2  
  178  12:17  Photon Cannon, Archon x6  
  178  12:18  Shield Battery, Archon x2  
  178  12:28  Photon Cannon  
  177  12:32  Photon Cannon  
  164  12:37  Stalker  
  164  12:38  Stalker x8  
  164  12:39  Stalker x6  
  173  12:46  Probe  
  173  12:47  Probe x4  
  166  12:58  Probe  
  166  12:59  Probe x3  
  166  13:00  Nexus  
  166  13:01  Pylon  
  166  13:04  Pylon  
  170  13:11  Photon Cannon  
  170  13:17  Pylon  
  170  13:19  Photon Cannon  
  170  13:28  Zealot x4  
  170  13:29  Zealot x11  
  200  13:50  Photon Cannon  
  200  13:51  Photon Cannon  
  200  13:53  Photon Cannon  
  200  13:54  Shield Battery  
  198  14:11  Assimilator, Probe x2  
  198  14:12  Assimilator  
  198  14:15  Assimilator  
  195  14:17  Assimilator  
  189  14:30  Zealot  
  185  14:46  Zealot  
Tags
 
Add a new tag
Caveats
  • Supply blocks, unpowered buildings, or Contaminate may cause inaccurate times.
  • Supply counts are checked every 10 seconds.